 Dungeon Crawl Stone Soup version 0.23-a0-488-g5fd82c5 (webtiles) character file.

457 Atlas the Magician (level 6, 0/42 HPs)
             Began as a Mummy Necromancer on Dec 2, 2018.
             Slain by a wight
             ... wielding a +0 trident
              (9 damage)
             ... on level 4 of the Dungeon.
             The game lasted 00:08:02 (5388 turns).

Atlas the Magician (Mummy Necromancer)              Turns: 5388, Time: 00:08:03

Health: 0/42       AC:  6    Str: 11    XL:     6   Next: 77%
Magic:  15/15      EV: 10    Int: 17    God:
Gold:   172        SH:  0    Dex: 12    Spells: 13/17 levels left

rFire    x . .     SeeInvis .   m - +0 long sword
rCold    + . .     Gourm    .   (no shield)
rNeg     + + +     Faith    .   b - +0 ring mail
rPois    ∞         Spirit   .   (no helmet)
rElec    .         Reflect  .   f - +0 cloak
rCorr    .         Harm     .   (no gloves)
MR       .....                  (no boots)
Stlth    +.........             (no amulet)
HPRegen  0.14/turn              (no ring)
MPRegen  0.14/turn              (no ring)

@: no status effects
A: no food or potions, fire vulnerability, cold resistance 1, negative energy
resistance 3, torment resistance, unbreathing
a: no special abilities


You were on level 4 of the Dungeon.
You were not hungry.

You visited 1 branch of the dungeon, and saw 4 of its levels.

You collected 172 gold pieces.

Inventory:

Hand Weapons
 m - a +0 long sword (weapon)
Armour
 b - a +0 ring mail (worn)
 f - a +0 cloak (worn)
Scrolls
 a - a scroll of random uselessness
 c - 2 scrolls of fear
 d - 2 scrolls of identify
 e - 5 scrolls of remove curse
 g - a scroll of fog
 h - 2 scrolls of teleportation
 i - a scroll of magic mapping
 j - a scroll of amnesia
 k - a scroll of enchant weapon
 l - 3 scrolls of enchant armour


   Skills:
 + Level 0.7 Fighting
 + Level 1.6 Armour
 + Level 1.7 Dodging
 + Level 1.5 Stealth
 + Level 0.1 Unarmed Combat
 + Level 6.2 Spellcasting
 + Level 6.0 Necromancy


You had 13 spell levels left.
You knew the following spells:

 Your Spells              Type           Power        Failure   Level  Hunger
a - Pain                  Necr           ####         2%          1    N/A
c - Vampiric Draining     Necr           ####......   8%          3    N/A

Your spell library contained the following spells:

 Spells                   Type           Power        Failure   Level  Hunger
 Animate Skeleton         Necr           N/A          2%          1    N/A
 Animate Dead             Necr           N/A          24%         4    N/A
 Regeneration             Chrm/Necr      Unusable     N/A         3    N/A

Dungeon Overview and Level Annotations

Branches:
Dungeon (4/15)
 Temple: D:4-7

Altars:


Innate Abilities, Weirdness & Mutations

You do not eat or drink.
Your flesh is vulnerable to fire.
You are immune to poison.
Your flesh is cold resistant. (rC+)
You are immune to negative energy. (rN+++)
You are immune to unholy pain and torment.
You can survive without breathing.


Message History

There is an open door here.
Items here: $ ( )) ? ††
m - a +0 long sword The wight hits you but does no damage.
m - a +0 long sword (weapon)
The wight hits you with a +0 trident.
You hit the wight.
The wight is lightly damaged.
The wight hits you with a +0 trident.
* * * LOW HITPOINT WARNING * * *
You hit the wight.
The wight is moderately damaged.
The wight hits you with a +0 trident.
* * * LOW HITPOINT WARNING * * *
The wight hits you with a +0 trident.
* * * LOW HITPOINT WARNING * * *
You barely miss the wight.
The wight is moderately damaged.
The wight hits you with a +0 trident!
You die...

#................#.#
#....#####.#####.#.#
#.... #.#.....#.#
#.... #.#.#!#.#.# ##
z....z #.#h#.#.#.# #.
....... #<#O#...#.# #.
...#.## # #)#.#####.#
#.
...'.....#'#$#.......#
#. #...@...###### #.
#...z...'..# #.
#.......##.# #.
#.......##.#########.
##'#####....%......#.
#. #...........#. ..
#...........#. ...
###'#########. #.# ##


You could see a wight.

Vanquished Creatures
  An ogre (D:3)
  A scorpion (D:4)
  An orc wizard (D:4)
  A gnoll shaman (D:4)
  4 gnolls
  14 adders
  An ooze (D:2)
  2 worms (D:2)
  A dart slug (D:3)
  5 orcs
  2 ball pythons (D:3)
  3 giant cockroaches
  5 hobgoblins
  6 jackals (D:4)
  2 quokkas
  8 bats
  5 frilled lizards
  10 goblins
  9 kobolds
  10 rats
91 creatures vanquished.

Notes
Turn   | Place    | Note
-------+----------+-------------------------------------------
     0 | D:1      | Atlas the Mummy Necromancer began the quest for the Orb.
     0 | D:1      | Reached XP level 1. HP: 13/13 MP: 4/4
   448 | D:1      | Reached XP level 2. HP: 7/19 MP: 0/5
  1695 | D:2      | Reached XP level 3. HP: 19/24 MP: 2/7
  1700 | D:2      | Learned a level 3 spell: Vampiric Draining
  2318 | D:2      | Reached XP level 4. HP: 31/31 MP: 1/9
  2409 | D:2      | Reached skill level 5 in Necromancy
  3010 | D:3      | Reached skill level 1 in Armour
  3330 | D:3      | Reached XP level 5. HP: 34/36 MP: 5/11
  3979 | D:4      | Noticed an ogre
  4274 | D:4      | Reached skill level 5 in Spellcasting
  4491 | D:4      | Reached XP level 6. HP: 42/42 MP: 8/13
  5388 | D:4      | Slain by a wight

Vault maps used:
D:1:      mrwooster_arrival_statue, minivault_26, serial_bayou_lagoon_a,
          st_stairs_6
D:3:      minmay_snake_closets
D:4:      kennysheep_mini, first_ration, serial_shops, shop_statue,
          serial_park_tiny_pond, nicolae_ashenzari_panopticon

Skill      XL: |  1  2  3  4  5  6 |
---------------+-------------------+-----
Spellcasting   | 3 4 5 6 |  6.2
Necromancy     | 5 6 |  6.0
Armour         | 1 |  1.6
Fighting       | |  0.7
Dodging        | |  1.7
Stealth        | |  1.5
Unarmed Combat | |  0.1

Action                   |  1- 3 |  4- 6 || total
-------------------------+-------+-------++-------
Melee: Unarmed           |    25 |    47 ||    72
       Long sword        |       |     3 ||     3
 Cast: Pain              |    75 |   132 ||   207
       Vampiric Draining |     1 |     9 ||    10
  Use: Scroll            |       |     9 ||     9
Armor: Ring mail         |    21 |    39 ||    60
Dodge: Dodged            |    36 |    55 ||    91

Table legend:
 A = Non-vault XP
 B = Vault XP
 C = Vault XP percentage of total XP
 D = Non-vault monster count
 E = Vault monster count
 F = Vault count percentage of total count
                 A         B        C        D         E       F
            +---------+---------+-------+---------+---------+-------
      Total |     530 |     123 |  18.8 |      79 |      12 |  13.2
            +---------+---------+-------+---------+---------+-------
        D:1 |      22 |       1 |   4.3 |      15 |       1 |   6.2
        D:2 |     103 |       0 |   0.0 |      28 |       0 |   0.0
        D:3 |     199 |     122 |  38.0 |      22 |      11 |  33.3
        D:4 |     206 |       0 |   0.0 |      14 |       0 |   0.0
            +---------+---------+-------+---------+---------+-------
